 Dungeon Crawl Stone Soup version 0.27-a0-1548-gf8a67e7463 (webtiles) character file.

Game seed: 5666555058020816869

35 funkygono the Magician (level 3, -3/25 HPs)
             Began as a Djinni Fire Elementalist on July 13, 2021.
             Slain by a wyvern zombie (10 damage)
             ... on level 3 of the Dungeon.
             The game lasted 00:03:19 (2282 turns).

funkygono the Magician (Djinni Fire Elementalist)   Turns: 2282, Time: 00:03:20

Health: -3/25      AC:  2    Str:  7    XL:     3   Next: 55%
Gold:   41         EV: 12    Int: 17    God:
                   SH:  0    Dex: 13

rFire    + + .     SeeInvis .   c - +0 short sword
rCold    x . .     Faith    .   (no shield)
rNeg     . . .     Spirit   .   a - +0 robe
rPois    ∞         Reflect  .   (no helmet)
rElec    .         Harm     .   (no cloak)
rCorr    .         Rampage  .   (no gloves)
Will     .....                  (boots unavailable)
Stlth    ++........             (no amulet)
HPRegen  0.08/turn              (no ring)
MPRegen  0.00/turn              (no ring)

@: flying
A: sickness immunity, fire resistance 2, cold vulnerability 1, float, innate
caster, hp casting, extra vitality 1
a: no special abilities


You were on level 3 of the Dungeon.
You visited 1 branch of the dungeon, and saw 3 of its levels.

You collected 41 gold pieces.

Inventory:

Hand Weapons
 c - a +0 short sword (weapon)
Armour
 a - a +0 robe (worn)
 g - a +0 leather armour
Magical Staves
 b - a staff of poison
Potions
 d - a potion of invisibility
 e - a potion of ambrosia
 f - a potion of heal wounds
 h - a potion of flight {unknown}
 i - a potion of curing {unknown}
 l - a potion of might {unknown}


   Skills:
 + Level 2.3 Dodging
 + Level 2.0 Stealth
 + Level 3.2 Spellcasting


You couldn't memorise any spells.
You knew the following spells:

 Your Spells              Type           Power      Damage    Failure   Level
a - Foxfire               Conj/Fire      52%        2x1d6     4%          1
b - Conjure Flame         Conj/Fire      13%        6-21      14%         3
c - Inner Flame           Hex/Fire       13%        N/A       14%         3
d - Sticky Flame          Conj/Fire      13%        2d4       41%         4
e - Fireball              Conj/Fire      6%         3d5       77%         5
f - Pain                  Necr           52%        1d6       4%          1
Your spell library was empty.

Dungeon Overview and Level Annotations

Branches:
Dungeon (3/15)

Altars:


Innate Abilities, Weirdness & Mutations

You are immune to sickness and miasma.
You are immune to poison.
Your flesh is very heat resistant. (rF++)
You are vulnerable to cold. (rC-)
You float through the air rather than walking.
You learn spells naturally, not from books.
Your magical power is your life essence.
You have superior vitality. (+4 HP)


Message History

The kobold writhes in agony.
You kill the kobold!
Unknown command.
HP restored.
Things that are here:
a +0 short sword; a stone; a kobold corpse A wyvern zombie comes into view.
Casting: Pain (safe; 4% risk of failure)
Confirm with . or Enter, or press ? or * to list all spells.
You conjure some foxfire!
The foxfire hits the wyvern zombie.
The wyvern zombie is lightly damaged.
Casting: Foxfire (safe; 4% risk of failure)
Confirm with . or Enter, or press ? or * to list all spells.
You conjure some foxfire!
The foxfire hits the wyvern zombie.
The wyvern zombie is lightly damaged.
The foxfire hits the wyvern zombie.
The wyvern zombie is moderately damaged.
The wyvern zombie closely misses you. The wyvern zombie bites you!
Things that are here:
a +0 short sword; a stone; a kobold corpse
Casting: Foxfire (safe; 4% risk of failure)
Confirm with . or Enter, or press ? or * to list all spells.
You conjure some foxfire!
The wyvern zombie bites you. x2
* * * LOW HITPOINT WARNING * * *
The foxfire hits the wyvern zombie.
The wyvern zombie is moderately damaged.
The foxfire hits the wyvern zombie.
The wyvern zombie is heavily damaged.
The wyvern zombie barely misses you. The wyvern zombie misses you.
You aren't carrying any scrolls.
The wyvern zombie misses you. The wyvern zombie bites you.
* * * LOW HITPOINT WARNING * * *
The wyvern zombie misses you. The wyvern zombie bites you!
You die...

#. #. #. #.
#. #.
#.#########
#.@Z......#
#########.#
#.# ..# #.#
#.# #.# #.#
#.# # #.#
#.# ## #.
#.# #.# ..
#.##.# #.#


You could see a wyvern zombie.

Vanquished Creatures
  2 dart slugs (D:2)
  4 goblins
  3 hobgoblins
  4 jackals (D:2)
  8 kobolds
  A quokka (D:2)
  3 bats
  A frilled lizard (D:2)
  5 rats
31 creatures vanquished.

Vanquished Creatures (others)
  87 foxfires
87 creatures vanquished.

Grand Total: 118 creatures vanquished

Notes
Turn   | Place    | Note
-------+----------+-------------------------------------------
     0 | D:1      | funkygono the Djinni Fire Elementalist began the quest for
                  | the Orb.
     0 | D:1      | Reached XP level 1. HP: 15/15 MP: 0/0
   351 | D:1      | Reached XP level 2. HP: 20/21 MP: 0/0
  1124 | D:2      | Reached skill level 3 in Spellcasting
  1294 | D:2      | Reached XP level 3. HP: 20/25 MP: 0/0
  1294 | D:2      | Learned a level 1 spell: Pain
  2282 | D:3      | Slain by a wyvern zombie

Illustrated notes

Levels and vault maps discovered:
D:1:      noname_arrival_rooms_in_the_neighbourhood, layout_basic, minivault_4,
          supply_closet_lemuel
D:2:      layout_basic, minmay_statues_item, corexii_hall_statues_l
D:3:      layout_loops_ring, uniq_ijyb

Skill      XL: |  1  2  3 |
---------------+----------+-----
Spellcasting   | 3 |  3.2
Stealth        | 2 |  2.0
Dodging        | |  2.3

Action                   || total
-------------------------++-------
Melee: Short sword       ||     1
 Cast: Foxfire           ||    52
       Pain              ||    10
  Use: Scroll            ||     4
Armor: Robe              ||     4
Dodge: Dodged            ||     7

Table legend: (Time is in decaauts)
 A = Elapsed time spent in this place.
 B = Non-inter-level travel time spent in this place.
 C = Inter-level travel time spent in this place.
 D = Time resting spent in this place.
 E = Time spent auto-exploring this place.
 F = Levels seen in this place.
 G = Mean time per level.
                   A        B        C        D        E       F      G
               +--------+--------+--------+--------+--------+-----+--------+
         Total |   2281 |   2191 |     90 |    120 |   1850 |   3 |  760.3 |
       Dungeon |   2281 |   2191 |     90 |    120 |   1850 |   3 |  760.3 |
               +--------+--------+--------+--------+--------+-----+--------+

Top non-repeatable levels by time:
     D:2: 1200 daAuts
     D:1: 1005 daAuts
     D:3: 74 daAuts
